cohdb
Replays
Latest Replays
All Replays
Popular Replays
Top Player Replays
Match Explorer
How It Works
Community
CoH3 Stats
Reddit
Sign in to upload your games and track your stats! →
Sign in with Steam
Match 32863574
Unlisted
Match 32863574
Overview
Messages
Build Orders
End
Pioneer Squad
Selects Italian Coastal Battlegroup
Selects Coastal Reserves
Coastal Reserve
Coastal Reserve
Coastal Reserve
Construct Infanterie Kompanie
MG 42 Machine Gun Team
Construct Luftwaffe Kompanie
Selects Designate Defensive Line
Designate Defensive Line
Flak 30 Anti-aircraft Gun Team
Medical Bunker
Jäger Squad
Jäger Squad
Medical Station
Support Elements
el campo
Доктор Гувер[POINTRUNNER]
MaXiS
KusseKarl
WebsterBolek
Zulu
0
0
Comments
sign in to comment!
No comments posted yet!